 Dungeon Crawl Stone Soup version 0.29.1-15-g9cfb28693d (webtiles) character file.

Game seed: 5300764642088092057

9 croobank the Sneak (level 2, 0/21 HPs)
             Began as an Octopode Delver on Mar 6, 2023.
             Slain by an orc
             ... wielding a +0 club
              (4 damage)
             ... on level 5 of the Dungeon.
             The game lasted 00:00:36 (92 turns).

croobank the Sneak (Octopode Delver)                  Turns: 92, Time: 00:00:36

Health: 0/21       AC:  1    Str: 11    XL:     2   Next: 16%
Magic:  2/2        EV: 13    Int: 12    God:
Gold:   0          SH:  0    Dex: 13    Spells: 1/1 levels left

rFire   . . .      SeeInvis .   a - +0 hand axe
rCold   . . .      Faith    .   (no shield)
rNeg    . . .      Spirit   .   (helmet restricted)
rPois   .          Reflect  .   (no amulet)
rElec   .          Harm     .   (no ring)
rCorr   .          Rampage  .   (no ring)
Will    .....                   (no ring)
Stlth   ++++......              (no ring)
HPRegen 0.07/turn               (no ring)
MPRegen 0.08/turn               (no ring)
                                (no ring)
                                (no ring)

@: no status effects
A: almost no armour, amphibious, 8 rings, camouflage 1, gelatinous body 1,
(nimble swimmer 1), tentacles
a: no special abilities


You were on level 5 of the Dungeon.
You visited 1 branch of the dungeon, and saw 2 of its levels.

Inventory:

Hand Weapons
 a - a +0 hand axe (weapon)
Wands
 f - a wand of digging (3)
Scrolls
 b - 2 scrolls of fog
 c - a scroll of magic mapping
 d - a scroll of fear
 g - a scroll of immolation {unknown}
Potions
 e - a potion of haste


   Skills:
 + Level 3.1 Fighting
 + Level 2.2 Axes
 + Level 2.2 Dodging
 + Level 6.8 Stealth


You had one spell level left.
You didn't know any spells.
Your spell library was empty.

Dungeon Overview and Level Annotations

Branches:
Dungeon (6/15)
 Temple: D:4-7

Altars:

Annotations:
D:6 Pikel


Innate Abilities, Weirdness & Mutations

You cannot wear most types of armour.
You are amphibious.
You can wear up to eight rings at the same time.
Your skin changes colour to match your surroundings (Stealth+).
Your rubbery body absorbs attacks. (AC +1, EV +1)
((You are camouflaged when in or above water. (Stealth+)))
You have tentacles for arms and can constrict up to eight enemies at once.


Message History

You climb upwards.
There is a stone staircase leading down here.
An adder comes into view.
The adder moves out of view.
An orc comes into view. It is wielding a +0 club.
Found 8 stones.
An orc comes into view. It is wielding a +0 club.
Found a scroll labelled TASAVE BONEJ.
An orc comes into view. It is wielding a +0 club.
The orc shouts! x2
An orc comes into view. It is wielding a +0 hand axe.
An orc wizard comes into view. It is wielding a +0 dagger.
The adder hisses angrily.
The orc wizard shouts!
The orc shouts! x2
You hit the orc. Your grab misses the orc. Your squeeze misses the orc.
The orc is heavily wounded.
The orc hits you with a +0 club.
Unknown command.
An adder comes into view.
The orc completely misses you.
You see here a scroll labelled TASAVE BONEJ.
The adder attacks as you move away! The adder bites you.
The adder closely misses you.
You completely miss the adder. You grab the adder. You squeeze the adder.
The adder is moderately wounded.
You constrict the adder. The adder bites you.
You hit the adder.
Your tentacle-slap misses the adder.
The adder is severely wounded.
You constrict the adder. The adder closely misses you. The adder bites you.
You completely miss the adder.
The adder is severely wounded.
You constrict the adder. The adder bites you.
You hit the adder.
You kill the adder!
The orc hits you with a +0 club.
* * * LOW HITPOINT WARNING * * *
You have reached level 2!
You barely miss the orc. Your grab misses the orc.
The orc hits you with a +0 club.
You die...

###### #..>.# #....#
####....# #.....>.#
#.##....#
######.##....#
##.oo@..#..####
#..o####..######
#...#o.............
#.....o.............
.............#.......
##...........#......(
#...........#.......
#..........##.......
#..........# .......


You could see an orc wizard and 2 orcs.

Vanquished Creatures
  An adder (D:5)
1 creature vanquished.

Notes
Turn   | Place    | Note
-------+----------+-------------------------------------------
     0 | D:5      | croobank the Octopode Delver began the quest for the Orb.
     0 | D:5      | Reached XP level 1. HP: 16/16 MP: 1/1
    18 | D:6      | Noticed Pikel
    18 | D:6      | Noticed a lemure
    57 | D:6      | Noticed an ogre
    83 | D:5      | Noticed an orc wizard
    92 | D:5      | Reached XP level 2. HP: 4/21 MP: 2/2
    92 | D:5      | Slain by an orc

Illustrated notes

Levels and vault maps discovered:
D:5:      layout_rooms, minmay_temple_entry_glass, uniq_grinder,
          uniq_prince_ribbit1, uniq_eustachio
D:6:      layout_basic, biasface_ghost_orc_armoury, dreamdust_mushroom_princess,
          uniq_pikel

Action                   || total
-------------------------++-------
Melee: Hand axe          ||     6
       Constrict         ||     1
       Tentacles         ||     1
Dodge: Dodged            ||     3
